 Dungeon Crawl Stone Soup version 0.27.0-1-g7a08968 (webtiles) character file.

Game seed: 6048727366999113974

3938 alexhoolio the Cleaver (level 10, -1/147 HPs)
             Began as an Ogre Berserker on Nov 29, 2021.
             Was a Priest of Trog.
             Slain by a killer bee (7 damage)
             ... on level 8 of the Dungeon.
             The game lasted 00:29:14 (11399 turns).

alexhoolio the Cleaver (Ogre Berserker)            Turns: 11399, Time: 00:29:15

Health: -1/147     AC:  3    Str: 26    XL:     10   Next: 21%
Magic:  10/10      EV: 10    Int:  8    God:    Trog [***...]
Gold:   372        SH:  0    Dex:  8    Spells: 9/9 levels left

rFire    . . .     SeeInvis .   B - +5 dire flail (freeze)
rCold    . . .     Faith    .   (shield currently unavailable)
rNeg     + . .     Spirit   .   b - +0 animal skin
rPois    +         Reflect  .   (helmet restricted)
rElec    .         Harm     .   (no cloak)
rCorr    .         Rampage  .   (gloves unavailable)
Will     +....                  (boots unavailable)
Stlth    ..........             (no amulet)
HPRegen  0.34/turn              E - ring of poison resistance
MPRegen  0.12/turn              F - ring of positive energy

@: berserking, lethally poisoned (-1 -> -12), very quick
A: large, unfitting armour, tough skin 1
a: Renounce Religion, Berserk, Trog's Hand


You were on level 8 of the Dungeon.
You worshipped Trog.
Trog was most pleased with you.
You visited 1 branch of the dungeon, and saw 9 of its levels.

You collected 372 gold pieces.

Inventory:

Hand Weapons
 a - a +0 hand axe
 r - the +10 dagger of a treasure trove {holy, *Noise +Rage rElec Will+++}
   (You found it on level 4 of the Dungeon)

   It has been blessed by the Shining One to cause great damage to the undead
   and demons.
   rElec:     It insulates you from electricity.
   +Rage:     It lets you go berserk.
   *Noise:    It may make noises in combat.
   Will:      It greatly increases your willpower.
 B - a +5 dire flail of freezing (weapon)
 C - a +4 morningstar of freezing
Missiles
 e - 34 poisoned darts
 s - 9 javelins (quivered)
Armour
 b - a +0 animal skin (worn)
Jewellery
 E - a ring of poison resistance (left hand)
 F - a ring of positive energy (right hand)
Wands
 i - a wand of paralysis (9)
 D - a wand of acid (6)
Scrolls
 c - 2 scrolls of enchant armour {unknown}
 g - a scroll of silence {unknown}
 m - 4 scrolls of teleportation {unknown}
 n - 2 scrolls of fog {unknown}
 p - 4 scrolls of identify {unknown}
 q - a scroll of blinking {unknown}
 t - 2 scrolls of amnesia {unknown}
 u - 4 scrolls of magic mapping {unknown}
 v - a scroll of enchant weapon {unknown}
 y - 2 scrolls of noise {unknown}
 z - a scroll of vulnerability {unknown}
Potions
 d - 3 potions of might {unknown}
 f - 4 potions of heal wounds
 h - 2 potions of resistance {unknown}
 j - 2 potions of mutation {unknown}
 k - 2 potions of haste {unknown}
 l - 4 potions of curing {unknown}
 o - 6 potions of cancellation {unknown}
 w - a potion of invisibility {unknown}
 x - a potion of flight {unknown}
 A - 2 potions of brilliance {unknown}


   Skills:
 + Level 6.2 Fighting
 - Level 12.9(13.2) Axes
 * Level 4.5(9.1) Maces & Flails
 - Level 2.6 Dodging


You had 9 spell levels left.
You didn't know any spells.
Your spell library was empty.

Dungeon Overview and Level Annotations

Branches:
Dungeon (9/15)             Temple (0/1) D:6
   Lair: D:8-11         Orc: D:9-12

Altars:
Kikubaaqudgha

Annotations:
D:4 2 transporters, Vixxxy's ghost, amateur FoAM


Innate Abilities, Weirdness & Mutations

You are too large for most types of armour.
You have tough skin. (AC +1)


Message History

The killer bee poisons you! The killer bee barely misses you.
The killer bee misses you. The killer bee stings you!
The killer bee stings you.
You climb upwards.
You feel very sick.
There is a stone staircase leading down here.
A red film seems to cover your vision as you go berserk!
You feel yourself moving faster!
You feel mighty!
You feel very sick. The killer bee stings you.
The killer bee stings you but does no damage.
The killer bee stings you!
* * * LOW HITPOINT WARNING * * *
The killer bee stings you.
* * * LOW HITPOINT WARNING * * *
You are more poisoned.
The killer bee poisons you! The killer bee stings you.
* * * LOW HITPOINT WARNING * * *
The killer bee stings you.
* * * LOW HITPOINT WARNING * * *
The killer bee stings you!
* * * LOW HITPOINT WARNING * * *
The killer bee misses you. The killer bee closely misses you.
The killer bee stings you.
* * * LOW HITPOINT WARNING * * *
You closely miss the killer bee.
You feel sick. The killer bee stings you.
* * * LOW HITPOINT WARNING * * *
The killer bee barely misses you. The killer bee stings you.
* * * LOW HITPOINT WARNING * * *
The killer bee stings you!
* * * LOW HITPOINT WARNING * * *
The killer bee stings you but does no damage.
The killer bee barely misses you. x2; The killer bee closely misses you.
You are too berserk!
You barely miss the killer bee.
* * * LOW HITPOINT WARNING * * *
You feel sick. The killer bee barely misses you.
The killer bee stings you but does no damage.
The killer bee closely misses you. The killer bee stings you!
You die...

#...................#
#############......## #........
#......## ##############
###........ #.......^....####
#....###..# #...............#
#....###.## #............yy.#
#...###..# #..##..#.####@y.#
#...###.## # #..#..##.# #yy.##
#.......# # #......#.#
#....###....#### # #รท##.#.#.#
#..........## ## #.##.#...#
##.##.......##### .###.)#.##..#
#..###..........#
...##...###.###.####....#####.###
##.(..........#.###......# #....
####...##......##....##.## #####


You could see 5 killer bees.

Vanquished Creatures
  2 wyverns
  6 yaks
  A wraith (D:7)
  2 steam dragons
  A water moccasin (D:6)
  A black bear (D:4)
  2 necrophages (D:4)
  An ice beast (D:4)
  A centaur (D:7)
  3 phantoms (D:5)
  A kobold brigand (D:3)
  5 scorpions
  A wyvern skeleton (D:7)
  A killer bee (D:8)
  4 wights (D:8)
  A howler monkey (D:6)
  A bullfrog zombie (D:5)
  3 centaur skeletons
  3 centaur zombies
  3 hounds
  5 orc priests
  A bullfrog skeleton (D:7)
  4 iguanas
  7 orc wizards
  A howler monkey zombie (D:6)
  8 adders
  A white imp (D:7)
  An ufetubus (D:4)
  An adder skeleton (D:4)
  3 dart slugs
  A worm (D:3)
  12 orcs
  3 ball pythons
  5 bats
  7 endoplasms
  2 giant cockroaches
  10 hobgoblins
  3 kobolds
  3 quokkas
  10 frilled lizards (D:1)
  6 goblins
  A jackal skeleton (D:4)
  3 rats
  A spectral hobgoblin (D:1)
142 creatures vanquished.

Notes
Turn   | Place    | Note
-------+----------+-------------------------------------------
     0 | D:1      | alexhoolio the Ogre Berserker began the quest for the Orb.
     0 | D:1      | Reached XP level 1. HP: 24/24 MP: 1/1
   182 | D:1      | Reached XP level 2. HP: 26/32 MP: 2/2
   777 | D:1      | Found a faded altar of an unknown god.
   839 | D:1      | Reached skill level 4 in Axes
   871 | D:1      | Reached XP level 3. HP: 33/39 MP: 3/3
  1110 | D:2      | Reached ** piety under Trog
  1606 | D:2      | Reached XP level 4. HP: 40/48 MP: 4/4
  1956 | D:2      | Reached skill level 5 in Axes
  3318 | D:3      | Noticed a kobold brigand
  3329 | D:3      | Killed a kobold brigand
  3330 | D:3      | Reached skill level 6 in Axes
  3330 | D:3      | Reached XP level 5. HP: 54/54 MP: 5/5
  4222 | D:4      | Identified the +10 dagger of a treasure trove {holy, *Noise
                  | +Rage rElec Will+++}
  4293 | D:4      | Noticed a necrophage
  4312 | D:4      | Killed a necrophage
  4313 | D:4      | Reached skill level 7 in Axes
  4313 | D:4      | Reached XP level 6. HP: 36/62 MP: 6/6
  4607 | D:4      | Noticed a necrophage
  4619 | D:4      | Killed a necrophage
  4842 | D:4      | Noticed a black bear
  4853 | D:4      | Killed a black bear
  4854 | D:4      | Reached XP level 7. HP: 34/70 MP: 7/7
  5080 | D:4      | Noticed a steam dragon
  5088 | D:4      | Killed a steam dragon
  5089 | D:4      | Reached skill level 8 in Axes
  5548 | D:4      | Found a transporter.
  5548 | D:4      | Noticed Vixxxy's ghost (amateur FoAM)
  5551 | D:4      | Found a transporter.
  5710 | D:4      | Reached skill level 9 in Axes
  6043 | D:5      | Entered Level 5 of the Dungeon
  6189 | D:5      | Reached XP level 8. HP: 53/78 MP: 8/8
  6356 | D:5      | HP: 1/78 [scorpion (6)]
  6888 | D:5      | Reached skill level 10 in Axes
  7669 | D:6      | Found a staircase to the Ecumenical Temple.
  7824 | D:6      | Reached skill level 11 in Axes
  8278 | D:6      | Reached XP level 9. HP: 72/84 MP: 9/9
  8806 | D:6      | Reached *** piety under Trog
  9173 | D:7      | Reached skill level 12 in Axes
 10018 | D:7      | Found an ancient bone altar of Kikubaaqudgha.
 10612 | D:7      | Reached skill level 1 in Maces & Flails
 10737 | D:7      | Reached skill level 5 in Fighting
 10738 | D:7      | Reached XP level 10. HP: 96/96 MP: 10/10
 11399 | D:8      | HP: 6/147 [poisoned by a killer bee]
 11399 | D:8      | Slain by a killer bee

Illustrated notes

Levels and vault maps discovered:
D:1:      lightli_arrival_isolated_outpost, layout_rooms,
          dreamdust_ecumenical_altar_drowned_temple, minmay_misc_feat_encased,
          grunt_decor_cap, corexii_item_surrounded_by_moat, minmay_lizard_pond
D:2:      layout_basic, minivault_25
D:3:      layout_loops_corners, kennysheep_minor_cross
D:4:      layout_loops_corners, gammafunk_ghost_arena, minmay_misc_feat_roman
D:5:      layout_cave_pods
D:6:      layout_gridville, minmay_temple_entry_poolview, centaur_isle
D:7:      layout_rooms, nicolae_kikubaaqudgha_miasma_corner
D:8:      layout_rooms
D:9:      layout_roguey, hangedman_decor_riveting, uniq_pikel

Skill      XL: |  1  2  3  4  5  6  7  8  9 10 |
---------------+-------------------------------+-----
Axes           | 4 6 7 9 11 12 | 12.9
Maces & Flails | 3 4 |  4.5
Fighting       | 5 6 |  6.2
Dodging        | |  2.6

Action                   |  1- 3 |  4- 6 |  7- 9 | 10-12 || total
-------------------------+-------+-------+-------+-------++-------
Melee: Hand axe          |   138 |   124 |   340 |       ||   602
       Dire flail        |       |       |    21 |    19 ||    40
Throw: Dart              |       |     9 |     3 |       ||    12
       Javelin           |       |       |    16 |       ||    16
Invok: Berserk           |       |     1 |    20 |     4 ||    25
       Trog's Hand       |       |       |     5 |       ||     5
  Use: Potion            |       |       |     1 |       ||     1
Armor: Animal skin       |    39 |    29 |    62 |     7 ||   137
Dodge: Dodged            |    79 |    48 |   153 |    25 ||   305
